 Dungeon Crawl Stone Soup version 0.21-a0-442-g848f44b (webtiles) character file.

68 theanonym the Chopper (level 4, 0/39 HPs)
             Began as a Hill Orc Monk on Nov 13, 2017.
             Slain by Sigmund
             ... wielding a +1 scythe of slicing
              (1 damage)
             ... on level 2 of the Dungeon.
             The game lasted 00:02:08 (1028 turns).

theanonym the Chopper (Hill Orc Monk)               Turns: 1028, Time: 00:02:09

Health: 0/39       AC:  8    Str: 14    XL:     4   Next: 19%
Magic:  4/4        EV: 17    Int: 10    God:
Gold:   3          SH:  0    Dex: 18    Spells: 3/3 levels left

rFire    . . .     SeeInvis .   a - +0 hand axe
rCold    . . .     Gourm    .   (no shield)
rNeg     . . .     Faith    .   f - +3 ring mail
rPois    .         Spirit   .   (no helmet)
rElec    .         Reflect  .   (no cloak)
rCorr    .         Harm     .   (no gloves)
MR       .....                  (no boots)
Stlth    ++........             (no amulet)
HPRegen  0.13/turn              (no ring)
MPRegen  0.09/turn              (no ring)

@: agile, very slightly contaminated, invisible
A: no striking features
a: no special abilities


   Skills:
 - Level 3.6 Fighting
 + Level 6.5 Axes
 - Level 2.4 Dodging
 - Level 1.5 Stealth


You had 3 spell levels left.
You didn't know any spells.

Skill      XL: |  1  2  3 |
---------------+----------+-----
Axes           | 5 6 |  6.5
Fighting       | |  3.6
Dodging        | |  2.4
Stealth        | |  1.5

Action                   |  1- 3 |  4- 6 || total
-------------------------+-------+-------++-------
Melee: Hand axe          |    98 |    24 ||   122
  Use: Potion            |       |     3 ||     3
 Stab: Sleeping          |     2 |       ||     2
       Invisible         |       |     1 ||     1
Armor: Robe              |     4 |       ||     4
       Ring mail         |    30 |    11 ||    41
Dodge: Dodged            |    58 |    12 ||    70

Inventory:

Hand Weapons
 a - a +0 hand axe (weapon)
Armour
 b - a +0 robe
 f - a +3 ring mail (worn)
   (You took it off a kobold on level 1 of the Dungeon)
Jewellery
 d - an uncursed ring of magical power {unknown}
   (You found it on level 1 of the Dungeon)
Scrolls
 g - 3 scrolls of identify {unknown}
 j - a scroll of random uselessness {unknown}
Potions
 e - a potion of agility
Comestibles
 c - 3 bread rations
 i - 2 chunks of flesh

Dungeon Overview and Level Annotations

Branches:
Dungeon (2/15)

Altars:
Cheibriados

Annotations:
D:2 Sigmund


You were on level 2 of the Dungeon.
You were hungry.

You visited 1 branch of the dungeon, and saw 2 of its levels.

You collected 3 gold pieces.


Message History

An adder is nearby!
An adder is nearby!
The adder closely misses you.
You closely miss the adder. The adder closely misses you.
You closely miss the adder. The adder bites you but does no damage.
You slash the adder! The adder bites you but does no damage.
You hit the adder. The adder bites you. The adder closely misses you.
You take 2 damage, and have 37/39 hp.
You closely miss the adder. The adder bites you but does no damage.
You barely miss the adder. The adder bites you but does no damage.
You closely miss the adder. The adder closely misses you.
The adder bites you but does no damage.
An adder is nearby!
An adder is nearby!
You hit the adder. The adder closely misses you.
An adder is nearby!
You closely miss the adder. The adder barely misses you.
You closely miss the adder. The adder bites you but does no damage.
An adder is nearby!
An adder is nearby!
You barely miss the adder. The adder bites you but does no damage.
The adder bites you.
You take 2 damage, and have 36/39 hp.
An adder is nearby!
You hit the adder. The adder bites you but does no damage.
An adder is nearby!
You barely miss the adder. The adder bites you but does no damage.
An adder is nearby!
An adder is nearby!
An adder is nearby!
You miss the adder.
The adder bites you but does no damage. x2
You miss the adder. The adder bites you.
You are poisoned.
The adder poisons you!
You take 2 damage, and have 34/39 hp.
You hit the adder.
You kill the adder!
You feel sick.
You take 1 damage, and have 33/39 hp.
No target in view!
You butcher the adder corpse.
i - 12 chunks of flesh (gained 1)
You feel sick.
You feel sick.
There is an open door here.
You feel sick.
You feel sick.
You are no longer poisoned.
k - a sedimented silvery potion
c - 3 bread rations (gained 1)
Found a stone staircase leading down.
There is a stone staircase leading down here.
Found a snail-covered altar of Cheibriados.
You regained 2 hp, and now have 37/39 hp.
Sigmund the Dreaded comes into view.
He is wielding a scythe of slicing.
Sigmund shouts!
Sigmund is nearby!
It was a potion of heal wounds.
You feel much better.
Health restored: 39 Sigmund barely misses you.
Some of the chunks of flesh in your inventory have rotted away.
Sigmund hits you with a scythe of slicing.
You take 3 damage, and have 36/39 hp.
You closely miss Sigmund. You closely miss Sigmund.
You are feeling hungry.
Sigmund gestures at you while chanting. The puff of flame hits you!
You take 8 damage, and have 28/39 hp.
MASSIVE DAMAGE!!
You closely miss Sigmund. Sigmund closely misses you.
You hit Sigmund but do no damage. Sigmund looks at you with fury.
Sigmund hits you with a scythe of slicing!
* * * LOW HITPOINT WARNING * * *
x2 You take 11 damage, and have 17/39 hp.
MASSIVE DAMAGE!!
You hit Sigmund.
It was a potion of invisibility.
You fade into invisibility!
Sigmund hits you with a scythe of slicing!
* * * LOW HITPOINT WARNING * * *
x2 You are very lightly contaminated with residual magic.
You take 14 damage, and have 3/39 hp.
MASSIVE DAMAGE!!
It was a potion of agility.
You feel agile all of a sudden. Sigmund gestures at you while chanting.
You are confused.
Okay, then.
You bump into the rock wall.
Sigmund misses you.
You bump into the rock wall.
Sigmund screams, "Don't try to resist!"
Sigmund closely misses you.
You feel less confused. Sigmund closely misses you.
You hit Sigmund. You hit Sigmund. Sigmund misses you.
You strike the helpless Sigmund from behind!
You hit Sigmund.
Sigmund hits you with a scythe of slicing.
* * * LOW HITPOINT WARNING * * *
You die...

# ##.
....#.# #.#
.#...# #.#
.....#####.#
#._.......#
##...##..###
.........#
######.##
#.# #@# #@#
#.# #.# ..#
###


You could see Sigmund.

Notes
Turn   | Place    | Note
-------+----------+-------------------------------------------
     0 | D:1      | theanonym the Hill Orc Monk began the quest for the Orb.
     0 | D:1      | Reached XP level 1. HP: 19/19 MP: 1/1
    93 | D:1      | Reached XP level 2. HP: 17/26 MP: 2/2
    97 | D:1      | Reached skill level 5 in Axes
   367 | D:1      | Reached XP level 3. HP: 24/31 MP: 3/3
   574 | D:1      | Reached skill level 6 in Axes
   850 | D:2      | Reached XP level 4. HP: 33/39 MP: 4/4
  1007 | D:2      | Found a snail-covered altar of Cheibriados.
  1009 | D:2      | Noticed Sigmund
  1016 | D:2      | HP: 19/39 [Sigmund/scythe of slicing (10)]
  1018 | D:2      | HP: 7/39 [Sigmund/scythe of slicing (10)]
  1018 | D:2      | HP: 3/39 [Sigmund/scythe of slicing (4)]
  1028 | D:2      | HP: 1/39 [Sigmund/scythe of slicing (3)]
  1028 | D:2      | Slain by Sigmund

Vanquished Creatures
  A gnoll (D:1)
  2 adders (D:2)
  An ooze (D:1)
  A giant cockroach (D:2)
  6 goblins
  7 hobgoblins
  2 jackals (D:1)
  3 ball pythons
  3 bats
  2 frilled lizards (D:1)
  5 kobolds (D:1)
  5 rats
38 creatures vanquished.
